 Dungeon Crawl Stone Soup version 0.26-a0-146-g24f6d3962c (webtiles) character file.

Game seed: 6799214657565526759

59 UristMcRaven the Conjurer (level 3, -4/20 HPs)
             Began as a Deep Elf Conjurer on June 29, 2020.
             Slain by an ice beast (11 damage)
             ... on level 3 of the Dungeon.
             The game lasted 00:03:41 (2612 turns).

UristMcRaven the Conjurer (Deep Elf Conjurer)       Turns: 2612, Time: 00:03:41

Health: -4/20      AC:  2    Str:  5    XL:     3   Next: 78%
Magic:  1/10       EV: 13    Int: 20    God:
Gold:   90         SH:  5    Dex: 15    Spells: 6/9 levels left

rFire    . . .     SeeInvis .   d - +0 dagger
rCold    . . .     Faith    .   (no shield)
rNeg     . . .     Spirit   .   a - +0 robe
rPois    .         Reflect  +   (no helmet)
rElec    .         Harm     .   (no cloak)
rCorr    .                      (no gloves)
MR       .....                  (no boots)
Stlth    ++........             u - amulet of reflection
HPRegen  0.06/turn              (no ring)
MPRegen  0.12/turn              (no ring)

@: no status effects
A: no striking features
a: no special abilities


You were on level 3 of the Dungeon.
You were not hungry.

You visited 1 branch of the dungeon, and saw 3 of its levels.

You collected 90 gold pieces.

Inventory:

Hand Weapons
 d - a +0 dagger (weapon)
Missiles
 b - 45 stones (quivered)
Armour
 a - a +0 robe (worn)
 n - a +0 helmet
 o - a +0 buckler
 t - a +0 pair of gloves
Jewellery
 u - an amulet of reflection (around neck)
Scrolls
 e - 2 scrolls of remove curse {unknown}
 h - 2 scrolls of identify {unknown}
 j - a scroll of fear {unknown}
 l - 2 scrolls of amnesia {unknown}
 q - 2 scrolls of teleportation {unknown}
 r - a scroll of magic mapping {unknown}
 s - 2 scrolls of enchant armour {unknown}
 v - a scroll of blinking {unknown}
Potions
 f - 2 potions of haste {unknown}
 g - a potion of stabbing {unknown}
 i - 3 potions of flight {unknown}
 k - a potion of curing {@q1}
 m - a potion of mutation {unknown}
Comestibles
 c - 5 rations {@e1}
 p - a chunk of flesh


   Skills:
 + Level 1.2 Fighting
 + Level 3.2 Dodging
 - Level 2.4 Stealth
 + Level 3.8 Spellcasting
 + Level 4.8 Conjurations


You had 6 spell levels left.
You knew the following spells:

 Your Spells              Type           Power        Failure   Level  Hunger
a - Magic Dart            Conj           ###.         1%          1    None
c - Searing Ray           Conj           ###...       2%          2    ##.....

Your spell library contained the following spells:

 Spells                   Type           Power        Failure   Level  Hunger
 Dazzling Flash           Conj/Hex       ##....       14%         3    ###....
 Fulminant Prism          Conj/Hex       ##........   43%         4    ####...
 Iskenderun's Mystic Bla  Conj/Tloc      ##......     43%         4    ####...


Dungeon Overview and Level Annotations

Branches:
Dungeon (3/15)

Altars:
Makhleb
Okawaru
Sif Muna

Annotations:
D:3 Terence


Message History

Aim: an ice beast (moderately wounded)
The searing ray misses the ice beast. (Press . to maintain the ray.)
The orc hits you but does no damage. The ice beast barely misses you.
The searing ray hits the ice beast.
The ice beast is moderately wounded.
You block the orc's attack. You block the ice beast's attack.
Casting: Searing Ray (safe; 2% risk of failure)
Confirm with . or Enter, or press ? or * to list all spells.
You don't have enough magic to cast that spell.
The searing ray hits the ice beast.
The ice beast is heavily wounded.
The orc hits you.
* * * LOW HITPOINT WARNING * * *
You block the ice beast's attack.
You closely miss the orc. You block the orc's attack. The ice beast hits you.
* * * LOW HITPOINT WARNING * * *
The ice beast freezes you!
Ouch! That really hurt!
You die...

#<.# #..#
#..######.#..#
.......##.#..#
........#.#..#
#..)##..#.#..#
.............###
<.......#..#.#.##
##.........#..#Y##
#...........###@#
#####..##.##.#o## #
#.).##.###.###.#
#.#.........o.#
.......######..##o...#
#####.#........# .##
#. .######.# #. .. #[#
#. .#.####.###


You could see an ice beast and an orc.

Vanquished Creatures
  An adder (D:2)
  A dart slug (D:1)
  2 leopard geckos
  An orc (D:3)
  3 bats
  2 giant cockroaches (D:2)
  8 goblins
  6 hobgoblins
  2 jackals (D:3)
  3 kobolds
  A quokka (D:2)
  2 frilled lizards
  11 rats
43 creatures vanquished.

Notes
Turn   | Place    | Note
-------+----------+-------------------------------------------
     0 | D:1      | UristMcRaven the Deep Elf Conjurer began the quest for the
                  | Orb.
     0 | D:1      | Reached XP level 1. HP: 10/10 MP: 6/6
   430 | D:1      | Reached XP level 2. HP: 16/16 MP: 5/8
   470 | D:1      | Learned a level 2 spell: Searing Ray
  1695 | D:2      | Found a shimmering blue altar of Sif Muna.
  1710 | D:2      | Reached XP level 3. HP: 20/20 MP: 5/10
  1808 | D:2      | Reached skill level 1 in Fighting
  1873 | D:2      | Found an iron altar of Okawaru.
  2106 | D:2      | Found a burning altar of Makhleb.
  2359 | D:3      | Noticed Terence
  2570 | D:3      | Noticed an ice beast
  2612 | D:3      | Slain by an ice beast

Illustrated notes

Levels and vault maps discovered:
D:1:      nzn_arrival_depleted_hourglass, layout_basic, roderic_roman_lattice
D:2:      layout_basic, marbit_many_paths, nicolae_overflow_hidden_temple,
          led_sif_pool
D:3:      layout_loops_ring, first_ration, uniq_terence

Skill      XL: |  1  2  3 |
---------------+----------+-----
Dodging        | 3 |  3.2
Fighting       | 1 |  1.2
Stealth        | |  2.4
Spellcasting   | |  3.8
Conjurations   | |  4.8

Action                   || total
-------------------------++-------
Melee: Dagger            ||     1
Throw: Stone             ||     3
 Cast: Magic Dart        ||    79
       Searing Ray       ||     6
  Eat: Chunk             ||     5
Armor: Robe              ||     3
Dodge: Dodged            ||    19
Block: Other             ||     6

Table legend:
 A = Non-vault XP
 B = Vault XP
 C = Vault XP percentage of total XP
 D = Non-vault monster count
 E = Vault monster count
 F = Vault count percentage of total count
                 A         B        C        D         E       F
            +---------+---------+-------+---------+---------+-------
      Total |      84 |       1 |   1.2 |      42 |       1 |   2.3
            +---------+---------+-------+---------+---------+-------
        D:1 |      27 |       0 |   0.0 |      14 |       0 |   0.0
        D:2 |      41 |       1 |   2.4 |      18 |       1 |   5.3
        D:3 |      16 |       0 |   0.0 |      10 |       0 |   0.0
            +---------+---------+-------+---------+---------+-------
